 Dungeon Crawl Stone Soup version 0.31-a0-152-g6aa68a64a1 (webtiles) character file.

Game seed: 8472569045707071098

163 qw the Shooter (level 5, 0/49 HPs)
             Began as a Naga Hunter on June 10, 2023.
             Slain by a gnoll sergeant
             ... wielding a +0 spear of distortion
              (8 damage)
             ... on level 7 of the Dungeon.
             The game lasted 00:00:47 (2295 turns).

qw the Shooter (Naga Hunter)                        Turns: 2295, Time: 00:00:48

Health: 0/49       AC:  7    Str: 13    XL:     5   Next: 44%
Magic:  5/5        EV: 14    Int:  9    God:
Gold:   242        SH:  0    Dex: 17    Spells: 4/4 levels left

rFire   . . .        Y - +0 shortbow
rCold   . . .        (shield currently unavailable)
rNeg    . . .        c - +0 leather armour
rPois   +            e - +0 helmet
rElec   .            i - +2 cloak {Will+}
rCorr   .            (no gloves)
SInv    +            (no barding)
Will    +....        (no amulet)
Stlth   ++           b - +5 ring of evasion
HPRegen 0.28/turn    (no ring)
MPRegen 0.09/turn

%: no passive effects
@: short of breath, very slow
A: AC +1, large, see invisible, deformed body, poison resistance, slowness 2,
spit poison 2, naga tail 1
a: Breathe Poison Gas


You were on level 7 of the Dungeon.
You visited 1 branch of the dungeon, and saw 5 of its levels.

You collected 242 gold pieces.


Innate Abilities, Weirdness & Mutations

Your serpentine skin is tough. (AC +1)
You have supernaturally acute eyesight. (SInv)
Armour fits poorly on your strangely shaped body.
Your system is resistant to poisons. (rPois)
You cover ground very slowly.
You can exhale a cloud of poison.
You have a snake-like lower body.


   Skills:
 - Level 3.0 Fighting
 + Level 5.5 Ranged Weapons
 - Level 1.5 Dodging
 - Level 1.5 Stealth


You had 4 spell levels left.
You didn't know any spells.
Your spell library was empty.

Inventory:

Hand Weapons
 Y - a +0 shortbow (weapon)
Armour
 c - a +0 leather armour (worn)
 e - a +0 helmet (worn)
 i - a +2 cloak of willpower (worn)
Jewellery
 b - a +5 ring of evasion (left hand)
Potions
 a - 2 potions of might
 d - a potion of mutation
 f - a potion of resistance {unknown}
 g - a potion of brilliance {unknown}
 h - a potion of haste {unknown}
 k - a potion of heal wounds {unknown}

Dungeon Overview and Level Annotations

Branches:
Dungeon (7/15)
 Temple: D:4-7

Altars:


Message History

You kill the gnoll!
You shoot an arrow. The arrow hits the gnoll.
The gnoll is heavily wounded.
You shoot an arrow. The arrow hits the gnoll!
You kill the gnoll!
You shoot an arrow.
The arrow hits the gnoll sergeant but does no damage.
You shoot an arrow.
The arrow barely misses the gnoll sergeant.
A gnoll comes into view. It is wielding a +0 club.
You shoot an arrow.
The arrow closely misses the gnoll sergeant.
The arrow hits the gnoll.
The gnoll is lightly wounded.
The gnoll sergeant hits you from afar with a +0 spear of distortion!
You blink.
You shoot an arrow. The arrow hits the gnoll sergeant.
The gnoll sergeant is lightly wounded.
You shoot an arrow. The arrow hits the gnoll sergeant.
The gnoll sergeant is moderately wounded.
A gnoll comes into view. It is wielding a +0 spear.
The gnoll sergeant hits you from afar with a +0 spear of distortion!
Space warps around you.
You shoot an arrow. The gnoll sergeant blocks the arrow.
The gnoll shouts!
You hear an angry hiss.
The gnoll sergeant barely misses you.
You shoot an arrow. The gnoll sergeant blocks the arrow.
The gnoll sergeant misses you.
You shoot an arrow. The gnoll sergeant blocks the arrow.
The gnoll sergeant hits you from afar with a +0 spear of distortion.
Space warps horribly around you! The gnoll sergeant barely misses you.
An iguana comes into view.
You shoot an arrow. The iguana hisses angrily.
The arrow hits the gnoll but does no damage.
The gnoll is lightly wounded.
The gnoll hits you but does no damage.
The gnoll sergeant hits you from afar with a +0 spear of distortion!
You die...

. ###### ..##....#
........# ..........#
......>gg@#
#.............#####
......l.)..g.......
..................
###.....).......... .#
#.#................
...#...........##+####
#.. #.........#
#...#.........#


You could see a gnoll sergeant, an iguana and 2 gnolls.

Vanquished Creatures
  A jelly (D:4)
  Terence (D:2)
  2 gnolls (D:7)
  2 adders
  2 dart slugs (D:1)
  An orc (D:3)
  5 ball pythons
  8 endoplasms
  2 giant cockroaches
  9 goblins
  6 hobgoblins
  3 jackals (D:2)
  4 quokkas
  5 bats
  4 frilled lizards
  2 kobolds (D:1)
  4 rats
61 creatures vanquished.

Notes
Turn   | Place    | Note
-------+----------+-------------------------------------------
     0 | D:1      | qw the Naga Hunter began the quest for the Orb.
     0 | D:1      | Reached XP level 1. HP: 19/19 MP: 1/1
     0 | D:1      | 0 ||| qw: Version: 0.2-a-122-gbc61b45
     0 | D:1      | 0 ||| qw: Game counter: 3538
     0 | D:1      | 0 ||| qw: Always use a shield: true
     0 | D:1      | 0 ||| qw: God list: Okawaru
     0 | D:1      | 0 ||| qw: Allow faded altars: false
     0 | D:1      | 0 ||| qw: Do Orc after D:15 true
     0 | D:1      | 0 ||| qw: Do second Lair branch before Depths: true
     0 | D:1      | 0 ||| qw: Lair rune preference: random
     0 | D:1      | 0 ||| qw: Plans: Normal
     0 | D:1      | 0 ||| PLANNING D:1-11
    31 | D:1      | 31 ||| INVOKING Spit Poison.
    45 | D:1      | 45 ||| INVOKING Spit Poison.
    52 | D:1      | 52 ||| INVOKING Spit Poison.
    54 | D:1      | Reached skill level 4 in Ranged Weapons
    54 | D:1      | Reached XP level 2. HP: 26/26 MP: 2/2
   100 | D:1      | 100 ||| INVOKING Spit Poison.
   110 | D:1      | 110 ||| INVOKING Spit Poison.
   262 | D:1      | 262 ||| INVOKING Spit Poison.
   282 | D:1      | 282 ||| INVOKING Spit Poison.
   380 | D:1      | 380 ||| INVOKING Spit Poison.
   383 | D:1      | 383 ||| INVOKING Spit Poison.
   389 | D:1      | 389 ||| INVOKING Spit Poison.
   394 | D:1      | 394 ||| INVOKING Spit Poison.
   435 | D:1      | 435 ||| INVOKING Spit Poison.
   438 | D:1      | 438 ||| INVOKING Spit Poison.
   439 | D:1      | Reached XP level 3. HP: 30/32 MP: 3/3
   441 | D:1      | 441 ||| INVOKING Spit Poison.
   449 | D:1      | 449 ||| INVOKING Spit Poison.
   581 | D:1      | 581 ||| READING scroll labelled IRADAUV XOUFUNK.
   584 | D:1      | 584 ||| READING scroll labelled QOHYOB KUMMIOWK.
   585 | D:1      | 585 ||| DROPPING scroll of butterflies.
   599 | D:2      | 599 ||| INVOKING Spit Poison.
   684 | D:2      | 684 ||| INVOKING Spit Poison.
   747 | D:2      | 747 ||| INVOKING Spit Poison.
   748 | D:2      | Noticed Terence
   752 | D:2      | 752 ||| INVOKING Spit Poison.
   798 | D:2      | 798 ||| INVOKING Spit Poison.
   801 | D:2      | 801 ||| INVOKING Spit Poison.
   802 | D:2      | Killed Terence
   803 | D:2      | Reached skill level 5 in Ranged Weapons
   803 | D:2      | Reached XP level 4. HP: 39/39 MP: 4/4
   812 | D:2      | 812 ||| INVOKING Spit Poison.
   834 | D:2      | 834 ||| INVOKING Spit Poison.
   886 | D:2      | 886 ||| INVOKING Spit Poison.
   938 | D:2      | 938 ||| INVOKING Spit Poison.
   960 | D:2      | 960 ||| INVOKING Spit Poison.
  1048 | D:2      | 1048 ||| INVOKING Spit Poison.
  1052 | D:2      | 1052 ||| INVOKING Spit Poison.
  1055 | D:2      | 1055 ||| INVOKING Spit Poison.
  1111 | D:2      | 1111 ||| INVOKING Spit Poison.
  1114 | D:2      | 1114 ||| INVOKING Spit Poison.
  1247 | D:2      | 1247 ||| UPGRADING to +0 helmet.
  1252 | D:2      | 1252 ||| DROPPING +1 hat.
  1253 | D:2      | 1253 ||| READING scroll labelled ZOAHOR DIETZ.
  1254 | D:2      | 1254 ||| DRINKING 3 fuming inky potions.
  1255 | D:2      | 1255 ||| DRINKING 2 sapphire potions.
  1255 | D:2      | Gained mutation: You can exhale a cloud of poison. [potion
                  | of mutation]
  1285 | D:3      | 1285 ||| INVOKING Breathe Poison Gas.
  1311 | D:3      | 1311 ||| INVOKING Breathe Poison Gas.
  1312 | D:3      | 1312 ||| INVOKING Breathe Poison Gas.
  1322 | D:3      | Identified the staff of conjuration "Xuish" {rElec rCorr
                  | Str+2 Int-2 Stlth+}
  1599 | D:3      | 1599 ||| INVOKING Breathe Poison Gas.
  1621 | D:3      | 1621 ||| INVOKING Breathe Poison Gas.
  1657 | D:3      | 1657 ||| INVOKING Breathe Poison Gas.
  1726 | D:3      | 1726 ||| INVOKING Breathe Poison Gas.
  1727 | D:3      | Reached skill level 3 in Fighting
  1909 | D:3      | 1909 ||| INVOKING Breathe Poison Gas.
  1910 | D:3      | 1910 ||| INVOKING Breathe Poison Gas.
  1911 | D:3      | 1911 ||| INVOKING Breathe Poison Gas.
  2142 | D:3      | 2142 ||| UPGRADING to +5 ring of evasion.
  2143 | D:3      | 2143 ||| READING scroll labelled LUPAEP QOMUL.
  2143 | D:3      | Identified a scroll of acquirement
  2143 | D:3      | 2143 ||| ACQUIRING +2 cloak of willpower
  2143 | D:3      | Acquired a +2 cloak of willpower
  2145 | D:3      | 2145 ||| UPGRADING to +2 cloak of willpower.
  2150 | D:3      | 2150 ||| READING scroll labelled KIKKEA KIRAYFE.
  2151 | D:3      | 2151 ||| READING scroll labelled GIENKA FANGILA.
  2208 | D:4      | 2208 ||| INVOKING Breathe Poison Gas.
  2239 | D:4      | Reached XP level 5. HP: 49/49 MP: 5/5
  2254 | D:4      | 2254 ||| INVOKING Breathe Poison Gas.
  2270 | D:4      | You fall into a shaft and drop 3 floors!
  2282 | D:7      | 2282 ||| INVOKING Breathe Poison Gas.
  2294 | D:7      | HP: 7/49 [gnoll sergeant/+0 spear of distortion (13)]
  2295 | D:7      | Slain by a gnoll sergeant

Levels and vault maps discovered:
D:1:      psy_arrival_radial01, layout_basic
D:2:      layout_loops_ring, kennysheep_cross_room, uniq_terence
D:3:      layout_basic, minivault_11, nrook_mini_backslash
D:4:      layout_basic
D:7:      minmay_the_grid_triangle_9x9_rhombus_thin
          [minmay_the_grid_triangle_9x9_corruption,
          minmay_the_grid_triangle_9x9_prize_insulated,
          minmay_the_grid_triangle_9x9_alien,
          minmay_the_grid_triangle_9x9_shrine], layout_basic,
          makhleb_grotto_becter, minmay_misc_feat_alley

Skill      XL: |  1  2  3  4 |
---------------+-------------+-----
Ranged Weapons | 4 5 |  5.5
Fighting       | 3 |  3.0
Dodging        | |  1.5
Stealth        | |  1.5

Action                     |  1- 3 |  4- 6 || total
---------------------------+-------+-------++-------
   Fire: Shortbow          |    51 |    60 ||   111
Ability: Spit Poison       |    21 |    10 ||    31
         Breathe Poison Ga |       |    10 ||    10
    Use: Scroll            |     2 |     4 ||     6
         Potion            |       |     2 ||     2
 Armour: Leather armour    |     2 |     3 ||     5
  Dodge: Dodged            |     5 |    11 ||    16

Table legend:
 A = Non-vault XP
 B = Vault XP
 C = Vault XP percentage of total XP
 D = Non-vault monster count
 E = Vault monster count
 F = Vault count percentage of total count
                 A         B        C        D         E       F
            +---------+---------+-------+---------+---------+-------
      Total |     195 |      38 |  16.3 |      60 |       1 |   1.6
            +---------+---------+-------+---------+---------+-------
        D:1 |      42 |       0 |   0.0 |      24 |       0 |   0.0
        D:2 |      44 |      38 |  46.3 |      19 |       1 |   5.0
        D:3 |      32 |       0 |   0.0 |      11 |       0 |   0.0
        D:4 |      48 |       0 |   0.0 |       4 |       0 |   0.0
        D:7 |      29 |       0 |   0.0 |       2 |       0 |   0.0
            +---------+---------+-------+---------+---------+-------
